 Dungeon Crawl Stone Soup version 0.19.0-24-gb05acd6 (webtiles) character file.

7472 Gargo the Geomancer (level 11, -9/63 HPs)
             Began as a Gargoyle Earth Elementalist on Nov 22, 2016.
             Was a Priest of Vehumet.
             Mangled by a komodo dragon (24 damage)
             ... on level 11 of the Dungeon.
             The game lasted 01:00:35 (12170 turns).

Gargo the Geomancer (Gargoyle Earth Elementalist)  Turns: 12170, Time: 01:00:36

Health: -9/63      AC: 25    Str: 12    XL:     11   Next: 15%
Magic:  1/23       EV: 16    Int: 19    God:    Vehumet [***...]
Gold:   547        SH:  0    Dex: 10    Spells: 3 memorised, 18 levels left

rFire  . . .     SeeInvis .     a - +2 mace (protect)
rCold  . . .     Gourm    .     h - +0 robe
rNeg   + . .     Faith    .     (no shield)
rPois  ∞         Spirit   .     v - +0 helmet
rElec  +         Reflect  .     n - +2 cloak
rCorr  .         Harm     .     (no gloves)
MR     .....                    i - +0 pair of boots
Stlth  ++........               t - amulet of inaccuracy (curse)
                                x - +3 ring of protection
                                E - +3 ring of evasion

@: protection aura, studying Axes
A: negative energy resistance 1, electricity resistance, unbreathing,
petrification resistance, rot immunity, AC +7
a: Renounce Religion


You were on level 11 of the Dungeon.
You worshipped Vehumet.
Vehumet was most pleased with you.
You were hungry.

You visited 2 branches of the dungeon, and saw 12 of its levels.

You collected 547 gold pieces.

Inventory:

Hand Weapons
 a - a +2 mace of protection (weapon)
 c - a +0 blowgun
 j - a +3 scimitar of flaming
 q - a -3 quarterstaff
 w - a +0 spear of freezing
 D - a +1 shortbow of flaming
Missiles
 b - 101 stones (quivered)
 e - 37 poisoned needles
Armour
 h - a +0 robe (worn)
 i - a +0 pair of boots (worn)
 n - a +2 cloak (worn)
 v - a +0 helmet (worn)
 y - a +0 shield
 A - a +0 helmet
Jewellery
 t - a cursed amulet of inaccuracy (around neck)
 x - a +3 ring of protection (right hand)
 E - a +3 ring of evasion (left hand)
 S - an uncursed ring of see invisible
Wands
 r - a wand of lightning (0/15)
 s - a wand of acid (13/15)
 F - a wand of iceblast (6/15)
 G - a wand of iceblast (7/15)
 R - a wand of lightning (1/15)
Scrolls
 d - a scroll of identify
 g - a scroll of amnesia {unknown}
 p - a scroll of blinking
 u - a scroll of fear
 B - a scroll of recharging
 C - 2 scrolls of teleportation
Potions
 f - 2 potions of heal wounds
 o - 2 potions of flight
 z - a potion of invisibility {unknown}
Books
 H - a manual of Axes
Comestibles
 k - 2 beef jerkies
 m - 4 bread rations


   Skills:
 + Level 5.1 Fighting
 + Level 4.7 Maces & Flails
 - Level 4.0 Armour
 + Level 4.1 Dodging
 - Level 2.1 Stealth
 + Level 2.6 Shields
 * Level 8.6 Spellcasting
 + Level 6.9 Conjurations
   Level 0.7 Transmutations
 + Level 9.0 Earth Magic
 + Level 4.0 Evocations


You had 18 spell levels left.
You knew the following spells:

 Your Spells              Type           Power        Failure   Level  Hunger
a - Sandblast             Erth           #####.       1%          1    None
b - Lee's Rapid Deconstr  Erth           #####.....   2%          5    #####..
A - Stone Arrow           Conj/Erth      #####.       1%          3    None


Dungeon Overview and Level Annotations

Branches:
Dungeon (11/15)            Temple (1/1) D:7
   Lair: D:8-11         Orc: D:9-12

Altars:
Cheibriados
Dithmenos
Elyvilon
Gozag
Hepliaklqana
Kikubaaqudgha
Makhleb
Okawaru
Qazlal
Ru
Sif Muna
Trog
Vehumet
Xom
Yredelemnul
Zin

Shops:
D:7 ?


Innate Abilities, Weirdness & Mutations

You are resistant to torment.
Your stone body is resilient. (AC +7)
You are immune to poison.
You resist negative energy. (rN+)
You are resistant to electric shocks. (rElec)
You can survive without breathing.
You are immune to petrification.
You are immune to rotting.


Message History

The komodo dragon is moderately wounded.
The komodo dragon barely misses you.
You barely miss the komodo dragon.
The komodo dragon is moderately wounded.
The komodo dragon closely misses you. The komodo dragon bites you.
You thump the komodo dragon!
Your weapon exudes an aura of protection.
The komodo dragon is heavily wounded.
The komodo dragon bites you!!
* * * LOW HITPOINT WARNING * * *
Casting: Stone Arrow
Confirm with . or Enter, or press ? or * to list all spells.
Aiming: Stone Arrow
Press: ? - help, Shift-Dir - straight line, f - komodo dragon
Aim: a komodo dragon (heavily wounded)
The stone arrow hits the komodo dragon.
The komodo dragon is severely wounded.
The komodo dragon hisses menacingly.
The komodo dragon bites you!!
You die...

# ##### #
########)..... #
########.....@l......
#
##........######......
###..######## ..<$.
'...## .... ##### ###
# # #


You could see a komodo dragon.

Vanquished Creatures
  Erica (D:8)
  A hill giant (D:10)
  An ugly thing (D:11)
  A two-headed ogre (D:10)
  3 slime creatures (D:10)
  A hippogriff (D:9)
  A spriggan (D:7)
  A wyvern (D:10)
  A human (D:9)
  Menkaure (D:5)
  2 water moccasins (D:10)
  Duvessa (D:6)
  3 sky beasts
  A black bear (D:8)
  3 orc warriors
  6 ogres
  A necrophage (D:7)
  4 centaurs
  2 bullfrogs
  A big kobold (D:7)
  Dowan (D:6)
  A gnoll sergeant (D:10)
  3 scorpions
  16 killer bees
  6 crimson imps
  A centaur zombie (D:7)
  A bullfrog zombie (D:6)
  A human zombie (D:9)
  5 hounds
  3 jellies
  6 orc priests
  A centaur skeleton (D:5)
  2 bullfrog skeletons
  5 orc wizards
  2 iguanas
  7 worker ants
  A hound skeleton (D:8)
  A worker ant zombie (D:7)
  5 gnolls (D:10)
  9 adders
  3 shadow imps
  An adder zombie (D:6)
  An adder skeleton (D:9)
  5 worms
  3 dart slugs
  The ghost of dscm the Grave Robber, a weakling GrNe (D:3)
  8 leopard geckos
  28 orcs
  9 bats
  7 giant cockroaches
  4 hobgoblins
  10 jackals
  3 quokkas
  6 frilled lizards
  8 goblins
  8 kobolds
  A quokka zombie (D:9)
  8 rats
227 creatures vanquished.

Notes
Turn   | Place    | Note
-------+----------+-------------------------------------------
     0 | D:1      | Gargo the Gargoyle Earth Elementalist began the quest for the Orb.
     0 | D:1      | Reached XP level 1. HP: 10/10 MP: 3/3
    10 | D:2      | Reached XP level 2. HP: 15/15 MP: 3/5
    76 | D:1      | Reached skill level 4 in Earth Magic
   161 | D:1      | Reached XP level 3. HP: 12/19 MP: 0/7
   166 | D:1      | Learned a level 3 spell: Stone Arrow
  1013 | D:2      | Found a faded altar of an unknown god.
  1069 | D:2      | Reached XP level 4. HP: 24/24 MP: 4/8
  1081 | D:2      | Reached skill level 1 in Conjurations
  1951 | D:2      | Reached skill level 5 in Earth Magic
  2015 | D:2      | Reached XP level 5. HP: 28/28 MP: 5/10
  2290 | D:5      | Entered Level 5 of the Dungeon
  2308 | D:3      | Noticed dscm's ghost (weakling GrNe)
  2312 | D:3      | Killed dscm's ghost
  2938 | D:3      | Found a radiant altar of Vehumet.
  2939 | D:3      | Found a burning altar of Makhleb.
  2951 | D:3      | Became a worshipper of Vehumet
  3040 | D:4      | Reached XP level 6. HP: 4/32 MP: 1/12
  3047 | D:4      | Learned a level 5 spell: Lee's Rapid Deconstruction
  3351 | D:6      | Noticed Dowan
  3352 | D:6      | Noticed Duvessa
  4121 | D:5      | Noticed Menkaure
  4125 | D:5      | Killed Menkaure
  4125 | D:5      | Reached skill level 6 in Earth Magic
  4125 | D:5      | Reached XP level 7. HP: 30/36 MP: 6/14
  4226 | D:5      | Reached skill level 5 in Spellcasting
  4791 | D:6      | Killed Duvessa
  5000 | D:6      | Reached XP level 8. HP: 21/41 MP: 9/16
  5028 | D:6      | Killed Dowan
  5069 | D:6      | Reached skill level 1 in Maces & Flails
  5133 | D:6      | Reached skill level 7 in Earth Magic
  5286 | D:6      | Reached * piety under Vehumet
  5286 | D:6      | Offered knowledge of Magic Dart by Vehumet.
  5449 | D:7      | Reached skill level 1 in Evocations
  5459 | D:7      | Reached skill level 1 in Fighting
  5459 | D:7      | Reached skill level 1 in Armour
  5577 | D:6      | Found a shadowy altar of Dithmenos.
  5580 | D:6      | Found a snail-covered altar of Cheibriados.
  5583 | D:6      | Found a hazy altar of Hepliaklqana.
  5688 | D:6      | Found a deep blue altar of Sif Muna.
  6081 | D:8      | Reached XP level 9. HP: 48/48 MP: 15/18
  6095 | D:7      | Found a staircase to the Ecumenical Temple.
  6106 | Temple   | Entered the Ecumenical Temple
  6262 | D:7      | Found Huchac's Magic Scroll Boutique.
  6281 | D:7      | Reached skill level 5 in Conjurations
  6340 | D:7      | Found a shimmering altar of Xom.
  7451 | D:8      | Reached ** piety under Vehumet
  7451 | D:8      | Offered knowledge of Shock by Vehumet.
  7491 | D:8      | Noticed Erica
  7505 | D:8      | Killed Erica
  7505 | D:8      | Reached skill level 8 in Earth Magic
  7566 | D:8      | Found an opulent altar of Gozag.
  7572 | D:8      | Reached XP level 10. HP: 56/56 MP: 11/21
  7574 | D:8      | Found a glowing silver altar of Zin.
  8858 | D:10     | Entered Level 10 of the Dungeon
  8934 | D:9      | Found a runed door.
  8946 | D:9      | Found a basalt altar of Yredelemnul.
 10639 | D:10     | Offered knowledge of Dazzling Spray by Vehumet.
 10639 | D:10     | Reached skill level 1 in Shields
 11118 | D:10     | Noticed a hill giant
 11123 | D:10     | Killed a hill giant
 11123 | D:10     | Reached skill level 5 in Fighting
 11226 | D:10     | Reached XP level 11. HP: 34/63 MP: 13/23
 11509 | D:10     | Reached *** piety under Vehumet
 11723 | D:10     | Reached skill level 9 in Earth Magic
 12133 | D:11     | Noticed a cyan ugly thing
 12166 | D:11     | Killed a cyan ugly thing
 12166 | D:11     | Offered knowledge of Mephitic Cloud by Vehumet.
 12170 | D:11     | Mangled by a komodo dragon

Skill      XL: |  1  2  3  4  5  6  7  8  9 10 11 |
---------------+----------------------------------+-----
Earth Magic    | 4 5 6 7 8 9 |  9.0
Spellcasting   | 3 4 5 6 7 8 |  8.6
Conjurations   | 1 2 3 4 5 6 |  6.9
Maces & Flails | 2 3 4 |  4.7
Evocations     | 1 2 3 4 |  4.0
Fighting       | 2 3 5 |  5.1
Armour         | 2 3 4 |  4.0
Dodging        | 2 3 4 |  4.1
Shields        | 2 |  2.6
Stealth        | |  2.1
Transmutations | |  0.7

Action                   |  1- 3 |  4- 6 |  7- 9 | 10-12 || total
-------------------------+-------+-------+-------+-------++-------
Melee: Club              |    10 |       |       |       ||    10
       Short sword       |    11 |    74 |    21 |       ||   106
       Mace              |       |       |     4 |    13 ||    17
 Fire: Blowgun           |       |       |    14 |    26 ||    40
 Cast: Sandblast         |    46 |   140 |   202 |   164 ||   552
       Stone Arrow       |       |     4 |    33 |    84 ||   121
Evoke: Wand              |       |       |       |     7 ||     7
  Use: Potion            |       |       |     1 |     2 ||     3
       Scroll            |       |       |    10 |     3 ||    13
 Stab: Sleeping          |     7 |     4 |     2 |     1 ||    14
  Eat: Chunk             |     1 |     9 |    11 |    11 ||    32
       Fruit             |       |       |       |     2 ||     2
       Pizza             |       |       |       |     1 ||     1
Armor: Robe              |    12 |    40 |    79 |    84 ||   215
Dodge: Dodged            |    26 |   127 |   159 |   158 ||   470
